 Dungeon Crawl Stone Soup version 0.17.0-28-g6e173f8 (webtiles) character file.

46 septik the Twirler (level 3, -8/21 HPs)
             Began as a Gargoyle Gladiator on Nov 27, 2015.
             Killed by nerve-wracking pain
             ... invoked by a shadow imp
             ... summoned by Natasha
              (14 damage)
             ... on level 2 of the Dungeon.
             The game lasted 00:02:24 (810 turns).

septik the Twirler (Gargoyle Gladiator)              Turns: 810, Time: 00:02:25

Health: -8/21      AC:  9    Str: 18    XL:     3   Next: 68%
Magic:  3/3        EV: 11    Int:  8    God:
Gold:   102        SH:  0    Dex: 11    Spells: 0 memorised, 2 levels left

rFire  . . .     SeeInvis .     a - +0 quarterstaff
rCold  . . .     Clarity  .     h - +0 ring mail
rNeg   + . .     SustAt   .     (shield currently unavailable)
rPois  ∞         Gourm    .     c - +0 helmet
rElec  +         Spirit   .     (no cloak)
rCorr  .         Warding  .     (no gloves)
rMut   .         Stasis   .     (no boots)
MR     .....                    (no amulet)
Stlth  +.........               (no ring)
                                (no ring)

@: not resistant to hostile enchantments, very unstealthy
A: negative energy resistance 1, electricity resistance, unbreathing,
petrification resistance, rot immunity, AC +3
a: no special abilities


You were on level 2 of the Dungeon.
You were not hungry.

You visited 1 branch of the dungeon, and saw 2 of its levels.

You collected 102 gold pieces.

Inventory:

Hand Weapons
 a - a +0 quarterstaff (weapon)
Missiles
 d - 3 throwing nets (quivered)
 m - 49 stones
Armour
 b - a +0 leather armour
 c - a +0 helmet (worn)
 h - a +0 ring mail (worn)
Scrolls
 g - 3 scrolls of amnesia {unknown}
 i - a scroll of remove curse {unknown}
 k - 3 scrolls of identify {unknown}
 l - 2 scrolls of enchant armour {unknown}
 p - a scroll of blinking {unknown}
Potions
 j - a potion of heal wounds {unknown}
 n - 2 potions of haste {unknown}
Comestibles
 e - 2 bread rations
 f - 9 chunks of flesh
 o - a meat ration


   Skills:
 - Level 2.1 Fighting
 + Level 4.5 Staves
 - Level 1.7 Throwing
 - Level 2.4 Dodging


You had 2 spell levels left.
You didn't know any spells.

Dungeon Overview and Level Annotations

Branches:
Dungeon (2/15)

Altars:
Ashenzari

Annotations:
D:2 Natasha


Innate Abilities, Weirdness & Mutations

You are resistant to torment.
Your stone body is resilient (AC +3).
You are immune to poison.
You resist negative energy.
You are resistant to electric shocks.
You can survive without breathing.
You are immune to petrification.
You are immune to rotting.


Message History

Natasha claws you but does no damage.
You sock Natasha!
Natasha is severely wounded.
Natasha claws you but does no damage.
You hit Natasha but do no damage.
Natasha is severely wounded.
Natasha mumbles some strange words.
The shadow imp hits you but does no damage.
You barely miss Natasha.
Natasha is severely wounded.
Natasha casts a spell.
The shadow imp closely misses you.
You hit Natasha but do no damage.
Natasha is heavily wounded.
Natasha barely misses you.
The shadow imp hits you but does no damage.
The shadow imp gestures at you. Pain shoots through your body!
Ouch! That really hurt!
You die...

###### #.#
.........# #..
.........# #..
.....!...# #..
.........## #..
............
#.#
..........###.#
#.#
#......5h5....#
#.#
#...####@###
#.#
#...##..5..##
#.#
...#.......#
#.. #.#.......#
#########
#....._.....#
#....# #
#.#.......#.#
#....# #
#.#.......#.#
#....# ##
##.##.....##.#
#....# #.
#..####.####.#
#....# #.


You could see Natasha, a crimson imp and 2 shadow imps.

Vanquished Creatures
  An adder (D:2)
  2 worms (D:2)
  A giant gecko (D:1)
  2 ball pythons
  2 goblins (D:1)
  8 hobgoblins
  2 kobolds (D:1)
  A quokka (D:2)
  5 bats (D:1)
  2 giant cockroaches
  4 rats
30 creatures vanquished.

Notes
Turn   | Place    | Note
--------------------------------------------------------------
     0 | D:1      | septik the Gargoyle Gladiator began the quest for the Orb.
     0 | D:1      | Reached XP level 1. HP: 12/12 MP: 1/1
    66 | D:1      | Reached XP level 2. HP: 17/17 MP: 2/2
   409 | D:1      | Reached skill level 4 in Staves
   640 | D:2      | Reached XP level 3. HP: 21/21 MP: 3/3
   777 | D:2      | Found a shattered altar of Ashenzari.
   796 | D:2      | Noticed Natasha
   810 | D:2      | Killed from afar by a shadow imp

Action                   || total
-------------------------++-------
Melee: Quarterstaff      ||    88
